 Dungeon Crawl Stone Soup version 0.19-a0-1637-gfc13266 (webtiles) character file.

4160 amanita the Cleaver (level 10, -4/49 HPs)
             Began as a Vine Stalker Abyssal Knight on Sept 19, 2016.
             Was a Priest of Lugonu.
             Slain by a troll (5 damage)
             ... on level 9 of the Dungeon.
             The game lasted 00:38:00 (3045 turns).

amanita the Cleaver (Vine Stalker Abyssal Knight)   Turns: 3045, Time: 00:38:01

Health: -4/49      AC: 14    Str: 16 (19) XL:     10   Next: 28%
Magic:  0/16       EV:  5    Int: 11 (12) God:    Lugonu [***...]
Gold:   337        SH:  0    Dex: 15      Spells: 0 memorised, 9 levels left

rFire  . . .     SeeInvis +     n - +0 war axe (vamp)
rCold  . . .     Gourm    +     t - +0 plate armour
rNeg   . . .     Faith    .     (no shield)
rPois  .         Spirit   +     w - +0 helmet
rElec  .         Dismiss  .     k - +0 cloak
rCorr  .         Reflect  .     h - +0 pair of gloves
MR     +....     Harm     .     (no boots)
Stlth  .......... Rnd*Rage +    u - amulet of the gourmand
                                (no ring)
                                y - ring of see invisible

@: no status effects
A: fangs 3, berserk 1, deterioration 1, sense surroundings 1, regeneration 1,
strong 1, evolution 1, magic shield, antimagic bite, no device heal 3, rot
immunity
a: Depart the Abyss, Bend Space, Banish, Renounce Religion


You were on level 9 of the Dungeon.
You worshipped Lugonu.
Lugonu was most pleased with you.
You were hungry.

You visited 1 branch of the dungeon, and saw 10 of its levels.
You visited the Abyss 1 time.

You collected 337 gold pieces.

Inventory:

Hand Weapons
 a - a +1 hand axe of chopping
 n - a +0 vampiric war axe (weapon)
 p - a +0 hunting sling
 r - a +3 dagger of venom
Missiles
 A - 41 sling bullets
Armour
 b - a +0 leather armour
 h - a +0 pair of gloves (worn)
 i - a +0 scale mail
 k - a +0 cloak (worn)
 q - a +0 ring mail
 t - a +0 plate armour (worn)
 w - a +0 helmet (worn)
Magical Staves
 B - an uncursed staff of cold
 D - an uncursed staff of energy
Jewellery
 u - an amulet of the gourmand (around neck)
 y - a ring of see invisible (left hand)
Wands
 o - a wand of confusion (16/48)
 C - a wand of lightning (8/15)
 I - a wand of iceblast (9/15)
Scrolls
 d - 2 scrolls of recharging
 E - 2 scrolls of teleportation
 G - a scroll of immolation {unknown}
 H - a scroll of noise {unknown}
Potions
 e - a potion of invisibility
 j - a potion of magic
 s - a potion of curing
 v - a potion of degeneration
 x - a potion of ambrosia
 z - a potion of might {unknown}
 F - a potion of brilliance {unknown}
Comestibles
 c - 8 bread rations
 f - 5 fruits
 g - 2 meat rations
 l - 2 beef jerkies
 m - 6 slices of pizza


   Skills:
 - Level 3.0 Fighting
 * Level 11.2 Axes
 + Level 2.6 Armour
 - Level 0.7 Dodging
 + Level 7.6 Invocations


You had 9 spell levels left.
You didn't know any spells.

Dungeon Overview and Level Annotations

Branches:
Dungeon (10/15)            Temple (0/1) D:5
   Lair: D:8-11         Orc: D:9-12

Altars:
Okawaru
Qazlal
Ru
Sif Muna
Uskayaw
Xom
Yredelemnul

Annotations:
D:9 Erica
D:10 GameOver's ghost, novice NaWz


Innate Abilities, Weirdness & Mutations

You have razor-sharp teeth.
Your natural rate of healing is unusually fast.
When hurt, damage is shared between your health and your magic reserves.
Your bite disrupts and absorbs the magic of your enemies.
Potions and wands cannot restore your health.
You are immune to rotting.
You tend to lose your temper in combat.
Your body sometimes deteriorates upon taking damage.
You passively map a small area around you.
Your muscles are strong. (Str +2)
You evolve.


Message History

* * * LOW HITPOINT WARNING * * *
The crimson imp hits you but does no damage.
You closely miss the troll.
The troll is severely wounded.
You slash the crimson imp! The troll bites you.
* * * LOW HITPOINT WARNING * * *
The troll claws you but does no damage. The troll claws you.
* * * LOW HITPOINT WARNING * * *
Unknown command.
Your plate armour prevents you from hitting the troll.
Your bite misses the troll.
The troll is severely wounded.
You slash the crimson imp!
You kill the crimson imp!
Lugonu accepts your kill. The troll bites you!
* * * LOW HITPOINT WARNING * * *
Your body deteriorates!
You feel weakened. The troll closely misses you. The troll claws you.
You die...

#..##...........# ##..
#..##...........# #..
#..##...........## #..
#.........[....... ....
#........[)[...... ....
#.........<....... ....
#......###########*###.
#.....T# #.....@#
#......# * #......#
#......# , #......#
#......# #......#
#......# #......#


You could see a troll.

Vanquished Creatures
  A two-headed ogre (D:8)
  4 hogs (D:8)
  8 yaks (D:9)
  A human (D:8)
  A black bear (D:8)
  An orc warrior (D:9)
  2 sky beasts
  2 ice beasts
  4 phantoms
  2 ogres (D:9)
  A big kobold (D:9)
  3 bullfrogs
  3 killer bees (D:9)
  A crimson imp (D:9)
  A bullfrog zombie (D:9)
  A hound (D:7)
  2 orc priests
  A bullfrog skeleton (D:7)
  7 orc wizards
  An iguana (D:9)
  3 gnolls (D:9)
  A howler monkey skeleton (D:9)
  2 worker ant zombies
  5 adders
  A shadow imp (D:6)
  2 worms
  7 leopard geckos
  17 orcs
  3 ball pythons
  2 giant cockroaches
  7 goblins
  2 hobgoblins
  7 jackals
  4 quokkas
  2 bats
  2 frilled lizards
  9 kobolds
  4 rats
127 creatures vanquished.

Vanquished Creatures (others)
  A hungry ghost (D:9)
1 creature vanquished.

Grand Total: 128 creatures vanquished

Notes
Turn   | Place    | Note
-------+----------+-------------------------------------------
     0 | Abyss:1  | amanita the Vine Stalker Abyssal Knight began the quest for the Orb.
     0 | Abyss:1  | Reached XP level 1. HP: 11/11 MP: 3/3
    44 | Abyss:1  | Noticed a large abomination
    45 | D:1      | Escaped the Abyss
    58 | D:1      | Reached skill level 2 in Axes
   200 | D:1      | Reached XP level 2. HP: 8/16 MP: 4/4
   242 | D:2      | Reached * piety under Lugonu
   367 | D:2      | Reached skill level 3 in Axes
   367 | D:2      | Reached XP level 3. HP: 11/19 MP: 3/5
   393 | D:2      | Found a sacrificial altar of Ru.
   620 | D:3      | Found a basalt altar of Yredelemnul.
   621 | D:3      | Found a stormy altar of Qazlal.
   624 | D:3      | Found a shimmering altar of Xom.
   746 | D:3      | Found a faded altar of an unknown god.
   771 | D:3      | Reached skill level 4 in Axes
   771 | D:3      | Gained mutation: Your natural rate of healing is unusually fast. [Vine Stalker growth]
   771 | D:3      | Reached XP level 4. HP: 15/23 MP: 6/6
   789 | D:3      | Found a hide-covered altar of Uskayaw.
   823 | D:3      | Reached ** piety under Lugonu
   861 | D:4      | Noticed an ice beast
   861 | D:4      | Noticed an ogre
  1142 | D:4      | Reached XP level 5. HP: 22/27 MP: 7/7
  1197 | D:5      | Entered Level 5 of the Dungeon
  1242 | D:5      | Gained mutation: Your body sometimes deteriorates upon taking damage. [potion of mutation]
  1242 | D:5      | Gained mutation: You tend to lose your temper in combat. [potion of mutation]
  1242 | D:5      | Gained mutation: You evolve. [potion of mutation]
  1279 | D:5      | Found an iron altar of Okawaru.
  1496 | D:5      | Found a staircase to the Ecumenical Temple.
  1519 | D:5      | Noticed a phantom
  1529 | D:5      | Noticed a sky beast
  1606 | D:5      | Killed a sky beast
  1606 | D:5      | Reached skill level 5 in Axes
  1606 | D:5      | Reached XP level 6. HP: 24/32 MP: 8/8
  1613 | D:5      | Gained mutation: You are frail. (-10% HP) [mutagenic meat]
  1616 | D:5      | Gained mutation: Your muscles are strong. (Str +2) [mutagenic meat]
  1627 | D:6      | Noticed an ice beast
  1627 | D:6      | Noticed a sky beast
  1633 | D:6      | Killed a sky beast
  1639 | D:6      | Killed an ice beast
  1649 | D:6      | Gained mutation: You passively map a small area around you. [mutagenic meat]
  1677 | D:7      | Noticed a phantom
  1690 | D:7      | Reached skill level 6 in Axes
  1690 | D:7      | Reached XP level 7. HP: 30/31 MP: 8/10
  1989 | D:8      | Reached skill level 7 in Axes
  2005 | D:8      | Gained mutation: You have razor-sharp teeth. [Vine Stalker growth]
  2005 | D:8      | Reached XP level 8. HP: 25/35 MP: 7/12
  2047 | D:8      | Noticed a two-headed ogre
  2047 | D:8      | Lost mutation: You are frail. (-10% HP) [evolution]
  2050 | D:9      | Noticed Erica
  2059 | D:8      | Killed a two-headed ogre
  2142 | D:8      | Reached skill level 8 in Axes
  2142 | D:8      | Reached skill level 5 in Invocations
  2195 | D:9      | Reached *** piety under Lugonu
  2198 | D:9      | Reached skill level 9 in Axes
  2273 | D:9      | Reached XP level 9. HP: 4/43 MP: 7/14
  2512 | D:9      | Reached skill level 10 in Axes
  2564 | D:9      | Found a deep blue altar of Sif Muna.
  2612 | D:9      | HP: 2/43 [yak (5)]
  2668 | D:9      | Found a deep blue altar of Sif Muna.
  2674 | D:10     | Entered Level 10 of the Dungeon
  2674 | D:10     | Noticed a troll
  2674 | D:10     | Noticed GameOver's ghost (novice NaWz)
  2691 | D:9      | Reached XP level 10. HP: 38/48 MP: 10/16
  2703 | D:9      | Reached skill level 11 in Axes
  2778 | D:8      | Reached **** piety under Lugonu
  3045 | D:9      | HP: 1/49 [troll (7)]
  3045 | D:9      | Slain by a troll

Vault maps used:
D:1:      dpeg_arrival_orchard, minmay_tripent
D:2:      overflow_temple_1_default
D:3:      nicolae_overflow_hidden_temple, eat_drink_and_be_merry_uskayaw,
          minitemple, ecumenical_altar_1, st_stairs_13
D:4:      serial_aquarium, aquarium_bridge_square, aquarium_window_fake,
          aquarium_window_corner, aquarium_view_2a, minivault_26,
          nrook_mini_vaults
D:5:      first_bread, okawaru_trees_1
D:7:      grunt_temple_overflow_opulence, bloody_trog, uniq_menkaure
D:8:      grunt_livestock, nicolae_sextant, uniq_maurice
D:9:      lemuel_doored_altar, lemuel_crystal_altar, basic_altar,
          serial_bayou_pond_c, uniq_erica
D:10:     uniq_nergalle

Skill      XL: |  1  2  3  4  5  6  7  8  9 10 |
---------------+-------------------------------+-----
Axes           | 2 3 4 5 6 7 9 10 11 | 11.2
Invocations    | 2 3 4 5 7 |  7.6
Fighting       | 3 |  3.0
Armour         | 2 |  2.6
Dodging        | |  0.7

Action                   |  1- 3 |  4- 6 |  7- 9 | 10-12 || total
-------------------------+-------+-------+-------+-------++-------
Melee: Hand axe          |   104 |    91 |    78 |       ||   273
       Bite              |    28 |    29 |    68 |    24 ||   149
       Dagger            |       |    25 |     5 |       ||    30
       War axe           |       |       |   139 |    76 ||   215
 Fire: Hunting sling     |       |     1 |       |       ||     1
Invok: Depart the Abyss  |     1 |       |       |       ||     1
       Bend Space        |       |       |     4 |     1 ||     5
       Banish            |       |       |     1 |     4 ||     5
  Use: Scroll            |     1 |     7 |     6 |     1 ||    15
       Potion            |     1 |     2 |     2 |     1 ||     6
 Stab: Sleeping          |     1 |       |       |       ||     1
  Eat: Chunk             |       |     9 |     8 |       ||    17
       Bread ration      |       |       |     1 |       ||     1
       Beef jerky        |       |       |     1 |       ||     1
       Pizza             |       |       |       |     1 ||     1
Armor: Leather armour    |     2 |       |       |       ||     2
       Scale mail        |    35 |    31 |       |       ||    66
       Plate armour      |       |    56 |   139 |    67 ||   262
Dodge: Dodged            |    58 |    45 |    70 |    31 ||   204
